 Dungeon Crawl Stone Soup version 0.30-a0-253-g6b895097cc (webtiles) character file.

Game seed: 14630749674393134897

3648 Kinoniko the Basher (level 9, -7/74 HPs)
             Began as an Armataur Berserker on Oct 13, 2022.
             Was a High Priest of Trog.
             Shot with a bolt by a centaur warrior (23 damage)
             ... on level 8 of the Dungeon.
             The game lasted 00:08:54 (6640 turns).

Kinoniko the Basher (Armataur Berserker)            Turns: 6640, Time: 00:08:54

Health: -7/74      AC: 22    Str: 27    XL:     9   Next: 88%
Magic:  9/9        EV:  3    Int: 15    God:    Trog [*****.]
Gold:   471        SH:  9    Dex: 13    Spells: 8/8 levels left

rFire   . . .      SeeInvis .    F - +5 eveningstar "Wumuc" {venom, Int+8}
rCold   . . .      Faith    .    G - +0 buckler
rNeg    . . .      Spirit   .    x - +4 plate armour "Amuch" {rElec Dex+3}
rPois   .          Reflect  +    (no helmet)
rElec   +          Harm     .    J - +0 cloak
rCorr   .          Roll     +    (no gloves)
Will    +....                    I - +3 barding {Fly}
Stlth   ..........               r - amulet of reflection
HPRegen 0.32/turn                B - +4 ring of slaying
MPRegen 0.11/turn                m - ring of willpower

@: flying, studying Air Magic
A: large, rugged brown scales 3, deformed body, armoured tail, roll, long
tongue, awkward tongue
a: Renounce Religion, Berserk, Trog's Hand, Brothers in Arms


You were on level 8 of the Dungeon.
You worshipped Trog.
Trog was extremely pleased with you.
You visited 1 branch of the dungeon, and saw 8 of its levels.
You also visited: Ossuary.

You collected 471 gold pieces.

Inventory:

Hand Weapons
 a - a +0 mace
 t - a +3 flail
 F - the +5 eveningstar "Wumuc" (weapon) {venom, Int+8}
   (You acquired it in an ossuary)

   It poisons the flesh of those it strikes.
   Int:       It affects your intelligence (+8).
Armour
 b - a +0 animal skin
 h - a +0 leather armour
 q - a +0 ring mail
 x - the +4 plate armour "Amuch" (worn) {rElec Dex+3}
   (You acquired it on level 7 of the Dungeon)

   Dex:       It affects your dexterity (+3).
   rElec:     It insulates you from electricity.
 G - a +0 buckler (worn)
 I - a +3 barding of flying (worn)
 J - a +0 cloak (worn)
Jewellery
 i - a ring of positive energy
 m - a ring of willpower (right hand)
 o - a ring of positive energy
 r - an amulet of reflection (around neck)
 B - a +4 ring of slaying (left hand)
 C - a ring of ice
Wands
 v - a wand of mindburst (15)
 H - a wand of roots (12)
Scrolls
 c - a scroll of amnesia
 d - 5 scrolls of teleportation
 j - a scroll of torment
 k - 3 scrolls of enchant weapon
 n - 2 scrolls of fog
 s - 2 scrolls of immolation
 z - a scroll of poison
Potions
 f - 4 potions of flight {unknown}
 g - 2 potions of curing
 p - 2 potions of mutation
 u - a potion of berserk rage
 w - a potion of degeneration {unknown}
 A - 2 potions of resistance {unknown}
 D - 5 potions of haste
 E - 2 potions of might {unknown}


   Skills:
 + Level 3.5 Fighting
 * Level 12.6 Maces & Flails
 + Level 3.9 Armour
 - Level 1.3 Dodging
 + Level 2.4 Shields


You had 8 spell levels left.
You didn't know any spells.
Your spell library was empty.

Dungeon Overview and Level Annotations

Branches:
Dungeon (8/15)             Temple (0/1) D:7         Ossuary (visited)
   Lair: D:8-11

Altars:
Dithmenos
Fedhas
Gozag
Xom
The Shining One


Innate Abilities, Weirdness & Mutations

You are completely covered in rugged brown scales. (AC +3, +7% HP)
Armour fits poorly on your strangely shaped body.
You have a long armoured tail.
You roll when moving toward enemies. (Rampage)
Your long tongue fully drains potion bottles. (2x potion effects)
Your tongue gives you trouble enunciating. (1.5x scroll delay)


Message History

You kill the orc!
Trog accepts your kill.
Trog will now gift you melee weapons as you gain piety.
Unknown command.
Things that are here:
a +0 short sword; 3 boomerangs The acid dragon spits acid at you.
The splash of acid hits you!
Things that are here:
a +0 short sword; 3 boomerangs
There is a stone staircase leading up here.
The centaur warrior shoots a bolt.
The bolt hits you!
You fly upwards.
There is a stone staircase leading down here.
You start resting.
HP restored.
You fly downwards.
The centaur warrior shoots a bolt.
You reflect the bolt off an invisible shield around you!
The bolt hits the centaur warrior!!
There is a stone staircase leading up, spattered with blood here.
Unknown command.
Unknown command.
Okay, then.
The centaur warrior shoots a bolt.
You reflect the bolt off an invisible shield around you!
The bolt hits the centaur warrior!
You fly upwards.
There is a stone staircase leading down here.
Unknown command.
Unknown command.
You fly downwards.
The centaur warrior shoots a bolt.
The bolt hits you!! The acid dragon spits acid at you.
The splash of acid hits you!
The centaur warrior shoots a bolt.
The bolt hits you!!
The centaur warrior shoots a bolt.
The bolt hits you!
* * * LOW HITPOINT WARNING * * *
There is a stone staircase leading up, spattered with blood here.
Unknown command.
Unknown command.
The centaur warrior shoots a bolt.
The bolt hits you!!
You die...

.......[).......[##
#.....$))g.........
##...)[.........[..
..#..))()..o......#.
.........c.D.....##
...................
..##.............##
. ##......(.....##
#.......@......#
##.....(.......#
######........#
#........#
###...#### #.## ##


You could see a centaur warrior, an acid dragon (catching breath), a gnoll
sergeant and an orc.

Vanquished Creatures
  A gargoyle (D:8)
  Maggie (D:7)
  A steam dragon (D:8)
  Menkaure (D:7)
  A water moccasin (D:7)
  2 sky beasts
  An orc warrior (D:8)
  5 ice beasts
  2 ogres (D:5)
  2 centaurs
  A kobold brigand (D:8)
  3 scorpions
  2 bullfrogs (D:7)
  A gnoll sergeant (D:8)
  A wight (D:8)
  2 howler monkeys
  4 centaur zombies (Ossuary)
  4 jellies
  An orc priest (D:5)
  3 hounds
  A gnoll bouda (D:5)
  Crazy Yiuf (D:7)
  4 iguanas
  4 orc wizards
  6 mummies (Ossuary)
  14 gnolls
  9 adders
  2 worms
  5 dart slugs
  14 orcs
  9 ball pythons
  4 endoplasms
  4 giant cockroaches
  8 goblins
  5 hobgoblins
  10 jackals
  3 quokkas (D:2)
  4 bats
  9 frilled lizards
  4 hobgoblin zombies (Ossuary)
  21 kobolds
  3 rats (D:1)
183 creatures vanquished.

Vanquished Creatures (others)
  7 fungi (D:2)
  23 plants
30 creatures vanquished.

Grand Total: 213 creatures vanquished

Notes
Turn   | Place    | Note
-------+----------+-------------------------------------------
     0 | D:1      | Kinoniko the Armataur Berserker began the quest for the
                  | Orb.
     0 | D:1      | Reached XP level 1. HP: 19/19 MP: 1/1
    84 | D:1      | Reached skill level 3 in Maces & Flails
   107 | D:1      | Reached XP level 2. HP: 24/26 MP: 2/2
   578 | D:1      | Reached XP level 3. HP: 29/32 MP: 3/3
   578 | D:1      | Reached ** piety under Trog
   859 | D:2      | Reached skill level 4 in Maces & Flails
   962 | D:2      | Found a shadowy altar of Dithmenos.
   996 | D:2      | Reached XP level 4. HP: 24/39 MP: 4/4
  1591 | D:2      | Reached skill level 5 in Maces & Flails
  1692 | D:2      | Found a faded altar of an unknown god.
  2160 | D:3      | Found an opulent altar of Gozag.
  2160 | D:3      | Found a blossoming altar of Fedhas.
  2196 | D:3      | Reached XP level 5. HP: 44/44 MP: 5/5
  2259 | D:3      | Reached *** piety under Trog
  3010 | D:4      | Found a shimmering altar of Xom.
  3087 | D:4      | Reached skill level 6 in Maces & Flails
  3511 | D:4      | Reached XP level 6. HP: 53/53 MP: 6/6
  3759 | D:5      | Entered Level 5 of the Dungeon
  3881 | D:5      | Noticed an ice beast
  3895 | D:5      | Reached skill level 7 in Maces & Flails
  3895 | D:5      | Killed an ice beast
  3896 | D:5      | Reached XP level 7. HP: 59/59 MP: 7/7
  4172 | D:5      | Reached skill level 8 in Maces & Flails
  4597 | D:6      | Reached **** piety under Trog
  4598 | D:6      | Reached skill level 9 in Maces & Flails
  4598 | D:6      | Reached XP level 8. HP: 59/66 MP: 8/8
  4624 | D:6      | Found a sand-covered staircase.
  4629 | Ossuary  | Entered an ossuary
  4871 | Ossuary  | Identified 3 scrolls of acquirement
  4871 | Ossuary  | Acquired the +5 eveningstar "Wumuc" {venom, Int+8}
  4943 | D:6      | Reached skill level 10 in Maces & Flails
  5395 | D:7      | Noticed Menkaure
  5400 | D:7      | Killed Menkaure
  5419 | D:7      | Reached skill level 11 in Maces & Flails
  5428 | D:7      | Reached XP level 9. HP: 46/72 MP: 9/9
  5569 | D:7      | Noticed Maggie
  5575 | D:7      | Killed Maggie
  5752 | D:7      | Acquired a +1 barding of flying
  5754 | D:7      | Acquired the +4 plate armour "Amuch" {rElec Dex+3}
  5801 | D:7      | Reached skill level 12 in Maces & Flails
  5974 | D:7      | Found a staircase to the Ecumenical Temple.
  6004 | D:7      | Found a runed translucent door.
  6005 | D:7      | Noticed Crazy Yiuf
  6051 | D:7      | Identified the +11 demon blade of Untimely Demise {vamp,
                  | Contam +Blink rElec Will++}
  6056 | D:7      | Found a glowing golden altar of the Shining One.
  6283 | D:7      | Killed Crazy Yiuf
  6358 | D:8      | Noticed a gargoyle
  6367 | D:8      | Killed a gargoyle
  6368 | D:8      | Reached skill level 1 in Shields
  6387 | D:8      | Noticed a centaur warrior
  6395 | D:8      | HP: 2/74 [centaur warrior/bolt (16)]
  6573 | D:8      | Reached ***** piety under Trog
  6640 | D:8      | Shot with a bolt by a centaur warrior

Illustrated notes

Levels and vault maps discovered:
D:1:      matt_arrival_refuge, layout_basic
D:2:      layout_basic, basic_altar, shapermc_ecumenical_altar_mp_urbaneastern,
          minmay_cut_off
D:3:      layout_basic, nicolae_overflow_two_pavilions, dk_noncrumbling_4,
          chequers_big_river, moated_statue
D:4:      layout_gridville, amcnicky_altar_gilded, minmay_goblin_kobold_house
D:5:      layout_basic
D:6:      layout_basic, enter_ossuary_2
D:7:      layout_rooms, mainiacjoe_overflow_cross_hatched,
          minmay_temple_entry_offerings, uniq_maggie, uniq_crazy_yiuf_cottage,
          uniq_menkaure
D:8:      cheibrodos_fzero, layout_cave_pools

Skill      XL: |  1  2  3  4  5  6  7  8  9 |
---------------+----------------------------+-----
Maces & Flails | 3 4 5 6 7 9 11 12 | 12.6
Fighting       | 3 |  3.5
Armour         | 3 |  3.9
Shields        | 2 |  2.4
Dodging        | |  1.3

Action                   |  1- 3 |  4- 6 |  7- 9 || total
-------------------------+-------+-------+-------++-------
Melee: Mace              |    75 |   123 |       ||   198
       Tailslap          |    12 |    22 |    27 ||    61
       Punch             |       |     1 |     1 ||     2
       Flail             |       |    42 |    92 ||   134
       Eveningstar       |       |       |    94 ||    94
Invok: Berserk           |     1 |     4 |     6 ||    11
  Use: Scroll            |       |    11 |    15 ||    26
       Potion            |       |       |     1 ||     1
 Stab: Sleeping          |     2 |       |       ||     2
Armor: Animal skin       |    22 |       |       ||    22
       Leather armour    |     5 |    13 |       ||    18
       Ring mail         |       |    36 |    42 ||    78
       Plate armour      |       |       |    25 ||    25
Dodge: Dodged            |    45 |    55 |    52 ||   152
Block: Other             |       |    28 |    22 ||    50
       Reflection        |       |     3 |    10 ||    13
       Buckler           |       |       |    15 ||    15

Table legend: (Time is in decaauts)
 A = Elapsed time spent in this place.
 B = Non-inter-level travel time spent in this place.
 C = Inter-level travel time spent in this place.
 D = Time resting spent in this place.
 E = Time spent auto-exploring this place.
 F = Levels seen in this place.
 G = Mean time per level.
                   A        B        C        D        E       F      G
               +--------+--------+--------+--------+--------+-----+--------+
         Total |   6787 |   6397 |    390 |    741 |   4558 |   9 |  754.1 |
       Dungeon |   6534 |   6144 |    390 |    632 |   4483 |   8 |  816.8 |
       Ossuary |    252 |    252 |      0 |    109 |     75 |   1 |  252.0 |
               +--------+--------+--------+--------+--------+-----+--------+

Top non-repeatable levels by time:
     D:7: 1210 daAuts
     D:2: 1191 daAuts
     D:3: 910 daAuts
     D:4: 869 daAuts
     D:1: 859 daAuts
     D:5: 752 daAuts
     D:6: 671 daAuts
 Ossuary: 252 daAuts
     D:8: 68 daAuts
